 Dungeon Crawl Stone Soup version 0.25-a0-566-g062765be81 (webtiles) character file.

Game seed: 16825230609121962411, levelgen mode: deterministic

8915 Nixze the Fighter (level 11, -2/71 HPs)
             Began as a Gargoyle Venom Mage on Feb 26, 2020.
             Was a Believer of Ashenzari.
             Slain by a six-headed hydra (10 damage)
             ... on level 1 of the Lair of Beasts on Feb 28, 2020.
             The game lasted 00:31:35 (12459 turns).

Nixze the Fighter (Gargoyle Venom Mage)            Turns: 12459, Time: 00:31:35

Health: -2/71      AC: 14    Str: 15    XL:     11   Next: 38%
Magic:  28/29      EV: 12    Int: 23    God:    Ashenzari [**....]
Gold:   109        SH:  0    Dex: 10    Spells: 9/22 levels left

rFire    + . .     SeeInvis +   a - +3 spear (freeze)
rCold    . . .     Gourm    .   (no shield)
rNeg     + . .     Faith    .   P - +1 robe "Ivusengu" {rF+ Str+3 Int+4 SInv}
rPois    ∞         Spirit   .   w - +0 helmet
rElec    +         Reflect  .   t - scarf {cloud immunity}
rCorr    +         Harm     +   f - +1 pair of gloves
MR       .....                  (no boots)
Stlth    ++........             T - amulet of harm
HPRegen  0.21/turn              x - ring of magical power
MPRegen  0.21/turn              g - ring of resist corrosion

@: starving
A: negative energy resistance 1, electricity resistance, unbreathing,
petrification resistance, rot immunity, AC +8
a: Curse Item, Scrying, Renounce Religion


You were on level 1 of the Lair of Beasts.
You worshipped Ashenzari.
Ashenzari was pleased with you.
You were starving.

You visited 2 branches of the dungeon, and saw 11 of its levels.

You collected 534 gold pieces.
You spent 425 gold pieces at shops.

Inventory:

Hand Weapons
 a - a +3 spear of freezing (weapon)
 U - a +3 dagger of distortion
 W - a +2 halberd of venom
Armour
 f - a +1 pair of gloves (worn)
 t - a scarf of cloud immunity (worn)
 w - a +0 helmet (worn)
 E - a +2 leather armour of fire resistance
 M - a +1 ring mail of cold resistance
 P - the +1 robe "Ivusengu" (worn) {rF+ Str+3 Int+4 SInv}
   (You found it on level 7 of the Dungeon)

   It affects your strength (+3).
   It affects your intelligence (+4).
   It protects you from fire.
   It lets you see invisible.
   If you remove this armour, your AC will decrease by 3 (14 -> 11).
Magical Staves
 b - an uncursed staff of poison
Jewellery
 g - a ring of resist corrosion (right hand)
 x - a ring of magical power (left hand)
 H - an uncursed ring of flight
 Q - an uncursed ring of positive energy
 R - a +4 ring of intelligence
 S - a +3 amulet of reflection
 T - an amulet of harm (around neck)
 X - an uncursed ring of magical power
Wands
 i - a wand of acid (6)
 m - a wand of polymorph (15)
 y - a wand of enslavement (8)
 z - a wand of flame (27)
 O - a wand of iceblast (11)
Scrolls
 h - 2 scrolls of remove curse
 j - 2 scrolls of enchant armour
 o - 5 scrolls of identify
 p - 4 scrolls of magic mapping
 q - 4 scrolls of amnesia
 r - a scroll of random uselessness {unknown}
 B - 3 scrolls of fog
 F - a scroll of fear {unknown}
 G - a scroll of immolation {unknown}
 I - a scroll of torment {unknown}
 J - 2 scrolls of blinking {unknown}
 K - a scroll of acquirement {unknown}
 L - 5 scrolls of enchant weapon
 V - a scroll of noise {unknown}
Potions
 d - 3 potions of might
 e - 3 potions of haste
 k - a potion of stabbing {unknown}
 n - 2 potions of brilliance
 s - a potion of mutation {unknown}
 u - 6 potions of curing
 A - 2 potions of flight
 C - 3 potions of lignification {unknown}
 Z - a potion of ambrosia {unknown}
Comestibles
 c - 23 rations


   Skills:
 + Level 9.5 Fighting
 + Level 7.9 Polearms
 - Level 1.9 Dodging
 - Level 2.1 Stealth
 - Level 6.0 Spellcasting
 - Level 5.0 Transmutations
 + Level 9.4 Poison Magic


You had 9 spell levels left.
You knew the following spells:

 Your Spells              Type           Power        Failure   Level  Hunger
a - Sting                 Tmut/Pois      ####         1%          1    None
b - Poisonous Vapours     Pois/Air       ####..       1%          2    None
c - Ignite Poison         Fire/Tmut/Pois ####....     3%          3    #......
d - Olgreb's Toxic Radia  Pois           ######..     1%          4    ###....
e - Mephitic Cloud        Conj/Pois/Air  ###.....     7%          3    #......

Your spell library contained the following spells:

 Spells                   Type           Power        Failure   Level  Hunger
 Corona                   Hex            #......      9%          1    None
 Summon Small Mammal      Summ           #...         9%          1    None
 Call Imp                 Summ           #.......     13%         2    None
 Ensorcelled Hibernation  Hex/Ice        #.....       13%         2    None
 Call Canine Familiar     Summ           #.......     26%         3    #......
 Confusing Touch          Hex            #.......     26%         3    #......
 Dazzling Flash           Conj/Hex       #.....       26%         3    #......
 Summon Guardian Golem    Hex/Summ       #.......     26%         3    #......
 Tukima's Dance           Hex            #.......     26%         3    #......
 Cause Fear               Hex            #.........   63%         4    ###....
 Summon Ice Beast         Ice/Summ       #.......     63%         4    ###....
 Summon Lightning Spire   Summ/Air       #.......     63%         4    ###....
 Yara's Violent Unravell  Hex/Tmut       ###.......   63%         5    #####..
 Silence                  Hex/Air        #.........   93%         5    #####..
 Deflect Missiles         Chrm/Air       #.........   100%        6    ######.
 Discord                  Hex            #.........   100%        8    #######


Dungeon Overview and Level Annotations

Branches:
Dungeon (10/15)            Temple (0/1) D:5            Lair (1/6) D:10
    Orc: D:9-12

Altars:
Ashenzari
Kikubaaqudgha
Nemelex Xobeh
Okawaru
Ru
Trog
Uskayaw
Wu Jian
Xom
The Shining One

Shops:
D:8 ?   D:9 *

Annotations:
D:4 3 runed translucent doors, RedPan's ghost, amateur GnWn
D:7 1 runed translucent door, ICC's ghost, novice VSFi
D:8 2 runed translucent doors, zaran's ghost, novice TeCj


Innate Abilities, Weirdness & Mutations

You are resistant to torment.
Your stone body is resilient. (AC +8)
You are immune to poison.
You resist negative energy. (rN+)
You are resistant to electric shocks. (rElec)
You can survive without breathing.
You are immune to petrification.
You are immune to rotting.


Message History

The six-headed hydra bites you but does no damage. x3
The six-headed hydra barely misses you. The six-headed hydra bites you.
The six-headed hydra misses you. The six-headed hydra bites you.
The six-headed hydra bites you but does no damage.
The six-headed hydra barely misses you.
The six-headed hydra bites you but does no damage.
The six-headed hydra bites you.
The six-headed hydra closely misses you.
The black bear bites you but does no damage.
The black bear barely misses you.
The black bear claws you but does no damage.
The black bear bites you but does no damage.
The black bear closely misses you.
The black bear claws you but does no damage.
The six-headed hydra bites you! The six-headed hydra barely misses you.
The six-headed hydra bites you!
* * * LOW HITPOINT WARNING * * *
The six-headed hydra bites you!
You die...

#.....# ,
##.....## *
#.......## *
##........##
#§§§.......#
##§§§§.....##
#§§§§§§..#..# *
##§hD§§..#..#
#§§@.#####h##
##, ##P####
#..###... ###
#.##.......#*
###..........P#
#...$.........#
#.............P
##.............
* *
##............
* *
##...........


You could see a six-headed hydra and a black bear.

Vanquished Creatures
  Snorg (D:10)
  Urug (D:10)
  An unseen horror (D:10)
  Psyche (D:8)
  A troll (D:10)
  A hippogriff (D:10)
  A wraith (D:10)
  A vampire (D:10)
  11 yaks (D:10)
  A wyvern (D:10)
  Eustachio (D:4)
  A hungry ghost (D:8)
  Edmund (D:4)
  4 water moccasins
  An ice beast (D:8)
  A phantom (D:4)
  3 orc warriors
  2 sky beasts
  4 ogres
  2 wolves (D:10)
  2 centaurs
  A bullfrog (D:8)
  A big kobold (D:8)
  A scorpion (D:8)
  9 killer bees
  2 howler monkeys (D:5)
  5 wights
  4 electric eels (D:10)
  3 crimson imps
  A bullfrog zombie (D:9)
  A jelly (D:10)
  4 orc wizards
  2 orc priests
  A gnoll shaman (D:4)
  8 hounds
  2 bullfrog skeletons
  3 iguanas
  5 worker ants
  A hound skeleton (D:8)
  Robin (D:2)
  A howler monkey zombie (D:5)
  A worker ant zombie (D:9)
  9 gnolls
  9 adders
  A howler monkey skeleton (D:4)
  2 shadow imps
  2 oozes (D:4)
  An adder skeleton (D:4)
  3 adder zombies
  A worm (D:6)
  2 dart slugs
  5 leopard geckos
  16 orcs
  3 ball pythons
  8 bats
  3 giant cockroaches
  17 goblins
  5 hobgoblins
  6 jackals
  6 quokkas
  3 frilled lizards
  2 kobolds (D:2)
  A leopard gecko skeleton (D:5)
  A quokka skeleton (D:4)
  8 rats
213 creatures vanquished.

Notes
Turn   | Place    | Note
-------+----------+-------------------------------------------
     0 | D:1      | Nixze the Gargoyle Venom Mage began the quest for the Orb.
     0 | D:1      | Reached XP level 1. HP: 10/10 MP: 3/3
    69 | D:1      | Reached skill level 1 in Transmutations
   162 | D:1      | Reached XP level 2. HP: 10/15 MP: 1/5
   526 | D:1      | Learned a level 2 spell: Poisonous Vapours
   751 | D:1      | Reached XP level 3. HP: 19/19 MP: 6/6
  1107 | D:2      | Noticed Robin
  1245 | D:2      | Killed Robin
  1245 | D:2      | Reached skill level 1 in Fighting
  1245 | D:2      | Reached XP level 4. HP: 17/25 MP: 0/7
  2081 | D:3      | Reached skill level 1 in Polearms
  2228 | D:3      | Reached XP level 5. HP: 29/29 MP: 6/9
  2260 | D:3      | Found a sacrificial altar of Ru.
  3049 | D:3      | Learned a level 3 spell: Ignite Poison
  3221 | D:3      | Found a faded altar of an unknown god.
  3357 | D:4      | Found a runed translucent gate.
  3436 | D:4      | Noticed RedPan's ghost (amateur GnWn)
  3436 | D:4      | Noticed an ogre
  3603 | D:4      | Found a runed translucent gate.
  3603 | D:4      | Found a runed translucent gate.
  3628 | D:4      | Noticed a phantom
  3680 | D:4      | Killed a phantom
  3680 | D:4      | Reached XP level 6. HP: 18/36 MP: 10/10
  4229 | D:4      | Learned a level 4 spell: Olgreb's Toxic Radiance
  4248 | D:4      | Reached XP level 7. HP: 31/40 MP: 1/12
  4437 | D:4      | Noticed Edmund
  4445 | D:4      | Killed Edmund
  4449 | D:4      | Upgraded the game from 0.25-a0-565-g8875c97ebb to
                  | 0.25-a0-566-g062765be81
  4563 | D:4      | Noticed Eustachio
  4579 | D:4      | Killed Eustachio
  4851 | D:5      | Entered Level 5 of the Dungeon
  4891 | D:4      | Reached XP level 8. HP: 23/48 MP: 13/14
  5105 | D:5      | Reached skill level 5 in Poison Magic
  5724 | D:5      | Found a shimmering altar of Xom.
  5727 | D:5      | Found a shimmering altar of Xom.
  5728 | D:5      | Found a shimmering altar of Xom.
  5804 | D:5      | Found a shattered altar of Ashenzari.
  5804 | D:5      | Found a bloodstained altar of Trog.
  5809 | D:5      | Found an iron altar of Okawaru.
  5812 | D:5      | Became a worshipper of Ashenzari the Shackled
  5815 | D:5      | Found a hide-covered altar of Uskayaw.
  5817 | D:5      | Found a faded altar of an unknown god.
  5870 | D:5      | Found a shimmering altar of Xom.
  6036 | D:5      | Found a staircase to the Ecumenical Temple.
  6129 | D:6      | Found an ancient bone altar of Kikubaaqudgha.
  6137 | D:6      | Found a sparkling altar of Nemelex Xobeh.
  6139 | D:6      | Found a glowing golden altar of the Shining One.
  7019 | D:6      | Reached skill level 5 in Fighting
  7019 | D:6      | Reached XP level 9. HP: 54/54 MP: 16/16
  7125 | D:7      | Reached skill level 5 in Spellcasting
  7325 | D:7      | Reached * piety under Ashenzari
  7399 | D:7      | Got the uncursed robe "Ivusengu" {rF+ Str+3 Int+4 SInv}
  7410 | D:7      | Identified the +1 robe "Ivusengu" {rF+ Str+3 Int+4 SInv}
                  | (You found it on level 7 of the Dungeon)
  7556 | D:7      | Found a runed translucent door.
  7556 | D:7      | Found a shimmering altar of Xom.
  7556 | D:7      | Noticed ICC's ghost (novice VSFi)
  7556 | D:7      | Noticed a +2 whip of chaos
  7683 | D:8      | Noticed Psyche
  8069 | D:8      | Found a large runed translucent door.
  8071 | D:8      | Found a large runed translucent door.
  8074 | D:8      | Noticed zaran's ghost (novice TeCj)
  8232 | D:8      | Killed Psyche
  8232 | D:8      | Reached skill level 5 in Polearms
  8409 | D:8      | Found Ydiwaduw's Magic Scroll Emporium.
  8436 | D:8      | Bought a scroll of enchant weapon for 75 gold pieces
  8436 | D:8      | Bought a scroll of enchant weapon for 75 gold pieces
  8574 | D:8      | Reached skill level 5 in Transmutations
  9190 | D:9      | Reached XP level 10. HP: 49/61 MP: 19/19
  9945 | D:9      | Learned a level 3 spell: Mephitic Cloud
  9982 | D:9      | Found an ornate altar of the Wu Jian Council.
 10109 | D:9      | Found Uguowk's General Store.
 10117 | D:9      | Bought an uncursed staff of poison for 275 gold pieces
 10206 | D:9      | Reached ** piety under Ashenzari
 10447 | D:10     | Entered Level 10 of the Dungeon
 10523 | D:10     | Found a staircase to the Lair.
 11122 | D:10     | Noticed Urug
 11143 | D:10     | Killed Urug
 11395 | D:10     | Noticed an unseen horror
 11400 | D:10     | Killed an unseen horror
 11400 | D:10     | Reached XP level 11. HP: 46/69 MP: 17/20
 12231 | D:10     | Noticed Snorg
 12242 | D:10     | Killed Snorg
 12411 | Lair:1   | Entered Level 1 of the Lair of Beasts
 12423 | Lair:1   | Noticed a six-headed hydra
 12459 | Lair:1   | Slain by a six-headed hydra

Levels and vault maps discovered:
D:1:      dpeg_arrival_pits, layout_loops_ring
D:2:      layout_rooms, uniq_robin
D:3:      layout_basic, lemuel_crystal_altar, chequers_ecumenical_altar_grove,
          first_ration
D:4:      layout_cave_pods, gammafunk_ghost_split, minmay_snake_closets,
          uniq_eustachio, uniq_edmund
D:5:      layout_cave_pools, chequers_temple_overflow_minitemple,
          minmay_temple_entry_nine_rooms, xom_redecorated
D:6:      layout_basic, grunt_temple_overflow_open
D:7:      layout_cave_pools, ebering_ghost_xom
D:8:      layout_basic, serial_shops, shop, ebering_ghost_disaster_area,
          skrybe_limestone_x, blue_anna_alchemist [blue_anna_fruit_fields,
          blue_anna_fruit_fields], uniq_psyche
D:9:      layout_cave_pods, serial_shops, shop, basic_altar, dk_noncrumbling_3,
          minmay_diced_spiral
D:10:     layout_irregular_city, erik_lair_island, uniq_snorg, uniq_urug
Lair:1:   layout_cave_pods, infiniplex_staircase_pool_2, grunt_megastairs_3,
          serial_bayou_shore_b

Skill      XL: |  1  2  3  4  5  6  7  8  9 10 11 |
---------------+----------------------------------+-----
Transmutations | 1 2 3 4 5 |  5.0
Fighting       | 1 2 3 5 6 8 9 |  9.5
Polearms       | 1 2 3 4 5 7 |  7.9
Spellcasting   | 3 4 6 |  6.0
Poison Magic   | 4 5 6 8 9 |  9.4
Dodging        | |  1.9
Stealth        | |  2.1

Action                   |  1- 3 |  4- 6 |  7- 9 | 10-12 || total
-------------------------+-------+-------+-------+-------++-------
Melee: Unarmed           |    11 |       |       |       ||    11
       Halberd           |    47 |    80 |   208 |    29 ||   364
       Spear             |       |       |       |    95 ||    95
       Staff             |       |       |       |     8 ||     8
 Cast: Sting             |    30 |     7 |     3 |     4 ||    44
       Poisonous Vapours |     4 |    58 |    51 |    39 ||   152
       Ignite Poison     |       |     1 |     6 |    10 ||    17
       Olgreb's Toxic Ra |       |     1 |     4 |    16 ||    21
       Mephitic Cloud    |       |       |       |     2 ||     2
Evoke: Wand              |       |       |       |     2 ||     2
  Use: Scroll            |       |     4 |     9 |     1 ||    14
       Potion            |       |       |       |     2 ||     2
 Stab: Sleeping          |     2 |       |     7 |       ||     9
  Eat: Chunk             |     2 |     9 |    14 |     9 ||    34
       Ration            |       |     1 |     3 |       ||     4
Armor: Robe              |    28 |    37 |    42 |    58 ||   165
       Leather armour    |       |       |    69 |       ||    69
Dodge: Dodged            |    58 |    55 |   135 |    78 ||   326

Table legend:
 A = Non-vault XP
 B = Vault XP
 C = Vault XP percentage of total XP
 D = Non-vault monster count
 E = Vault monster count
 F = Vault count percentage of total count
                 A         B        C        D         E       F
            +---------+---------+-------+---------+---------+-------
      Total |    8893 |    3843 |  30.2 |     175 |      38 |  17.8
            +---------+---------+-------+---------+---------+-------
        D:1 |      43 |       4 |   8.5 |      18 |       2 |  10.0
        D:2 |      32 |      34 |  51.5 |      15 |      11 |  42.3
        D:3 |     107 |       0 |   0.0 |      15 |       0 |   0.0
        D:4 |     676 |     462 |  40.6 |      23 |      11 |  32.4
        D:5 |     617 |       0 |   0.0 |      19 |       0 |   0.0
        D:6 |     393 |       0 |   0.0 |      14 |       0 |   0.0
        D:7 |     111 |       0 |   0.0 |       2 |       0 |   0.0
        D:8 |    1558 |     496 |  24.1 |      20 |       2 |   9.1
        D:9 |    1044 |     216 |  17.1 |      23 |       3 |  11.5
       D:10 |    4312 |    2631 |  37.9 |      26 |       9 |  25.7
            +---------+---------+-------+---------+---------+-------
